 Dungeon Crawl Stone Soup version 0.27.1-33-g824d729ab1 (webtiles) character file.

Game seed: 15252882375634999803

134 Karpo the Digger (level 5, -13/38 HPs)
             Began as a Hill Orc Earth Elementalist on Dec 31, 2021.
             Killed by divine providence
             ... invoked by an orc priest
              (14 damage)
             ... on level 3 of the Dungeon.
             The game lasted 00:10:00 (3792 turns).

Karpo the Digger (Hill Orc Earth Elementalist)      Turns: 3792, Time: 00:10:00

Health: -13/38     AC:  4    Str: 11    XL:     5   Next: 17%
Magic:  4/9        EV: 12    Int: 16    God:
Gold:   95         SH:  0    Dex: 11    Spells: 5/9 levels left

rFire    + . .     SeeInvis .   i - +0 short sword
rCold    . . .     Faith    .   (no shield)
rNeg     . . .     Spirit   .   j - +2 robe {rF+}
rPois    .         Reflect  .   (no helmet)
rElec    .         Harm     .   (no cloak)
rCorr    .         Rampage  .   (no gloves)
Will     .....                  (no boots)
Stlth    ++........             (no amulet)
HPRegen  0.12/turn              (no ring)
MPRegen  0.11/turn              (no ring)

@: hasted, very quick
A: no striking features
a: Convert to Beogh


You were on level 3 of the Dungeon.
You visited 1 branch of the dungeon, and saw 4 of its levels.

You collected 95 gold pieces.

Inventory:

Hand Weapons
 e - a +0 whip
 i - a +0 short sword (weapon)
Missiles
 c - 99 stones
Armour
 b - a +0 robe
 f - a +0 helmet
 j - a +2 robe of fire resistance (worn)
 o - a +0 pair of boots
Scrolls
 h - a scroll of blinking {unknown}
 k - 2 scrolls of fog {unknown}
 m - a scroll of teleportation {unknown}
 p - 4 scrolls of enchant weapon {unknown}
Potions
 d - a potion of cancellation {unknown}
 g - a potion of ambrosia {unknown}
 l - a potion of degeneration {unknown}
 n - a potion of magic {unknown}
 q - a potion of heal wounds {unknown}


   Skills:
 - Level 1.5 Dodging
 - Level 1.5 Stealth
 + Level 2.8 Spellcasting
 + Level 1.3 Conjurations
 - Level 0.6 Transmutations
 + Level 4.3 Earth Magic


You had 5 spell levels left.
You knew the following spells:

 Your Spells              Type           Power      Damage    Failure   Level
a - Sandblast             Erth           32%        2d9       3%          1
b - Stone Arrow           Conj/Erth      22%        3d8       19%         3

Your spell library contained the following spells:

 Spells                   Type           Power      Damage    Failure   Level
 Passwall                 Tmut/Erth      8%         N/A       11%         2
 Petrify                  Tmut/Erth      10%        N/A       56%         4


Dungeon Overview and Level Annotations

Branches:
Dungeon (4/15)
 Temple: D:4-7

Altars:

Annotations:
D:2 Terence


Message History

The orc priest is lightly wounded.
The orc priest invokes the aid of Beogh against you.
You barely resist.
Casting: Sandblast (safe; 3% risk of failure)
Confirm with . or Enter, or press ? or * to list all spells.
Aiming: Sandblast (safe; 3% risk of failure)
Press: ? - help, Shift-Dir - straight line, f/p - orc priest
Aim: an orc priest, wielding a +2 dagger of protection and wearing a +0 ring mail (lightly wounded, 82% to hit)
The blast of sand hits the orc priest but does no damage.
The orc priest is lightly wounded.
The orc priest hits you with a +2 dagger of protection.
The orc priest invokes the aid of Beogh against you.
Beogh smites you!
* * * LOW HITPOINT WARNING * * *
The orc priest shouts, "Surrender to Beogh and we'll let you live!"
You hear a shout!
Casting: Sandblast (safe; 3% risk of failure)
Confirm with . or Enter, or press ? or * to list all spells.
Aiming: Sandblast (safe; 3% risk of failure)
Press: ? - help, Shift-Dir - straight line, f/p - orc priest
Aim: an orc priest, wielding a +2 dagger of protection and wearing a +0 ring mail (lightly wounded, 82% to hit)
The blast of sand hits the orc priest but does no damage.
The orc priest is lightly wounded.
The orc priest threatens, "By the altar or by the axe, you will meet Beogh!"
The orc priest hits you with a +2 dagger of protection.
* * * LOW HITPOINT WARNING * * *
The orc priest calls upon Beogh to heal the orc priest.
The orc priest's wounds heal themselves!
An orc comes into view. It is wielding a +0 dagger.
It was a potion of haste.
You feel yourself speed up.
The orc priest looks braver for a moment.
The orc priest begins to cast a cantrip, but forgets the words!
You closely miss the orc priest.
The orc priest shouts, "Surrender to Beogh and we'll let you live!"
The orc priest hits you with a +2 dagger of protection.
* * * LOW HITPOINT WARNING * * *
You barely miss the orc priest.
The orc priest mumbles some strange prayers to Beogh against you.
Beogh smites you!
You die...

...........#.#
#.......#.
##########.#.#
#########. #.#.#
#.
#.#.#############.
#.#...............
#.############....
#.# #.....#.###
#.# #.###.#.# #@#
#.#<#.#.#
################o#
#.#...#.#
...o..o...o.o..oo#
#.#####.#
##################
#.......#
#########


You could see 2 orc priests and an orc.

Vanquished Creatures
  Jessica (D:2)
  Natasha (D:2)
  3 adders
  An adder skeleton (D:2)
  A dart slug (D:1)
  An orc (D:3)
  5 ball pythons
  5 bats
  3 endoplasms
  4 giant cockroaches
  5 goblins
  3 hobgoblins
  2 jackals (D:1)
  6 kobolds
  A quokka (D:1)
  2 frilled lizards (D:2)
  5 rats
49 creatures vanquished.

Vanquished Creatures (others)
  A bat (D:2)
1 creature vanquished.

Grand Total: 50 creatures vanquished

Notes
Turn   | Place    | Note
-------+----------+-------------------------------------------
     0 | D:1      | Karpo the Hill Orc Earth Elementalist began the quest for
                  | the Orb.
     0 | D:1      | Reached XP level 1. HP: 14/14 MP: 3/3
   398 | D:1      | Found a faded altar of an unknown god.
   861 | D:1      | Reached XP level 2. HP: 10/20 MP: 1/4
  1674 | D:1      | Reached XP level 3. HP: 26/26 MP: 3/6
  1704 | D:1      | Learned a level 3 spell: Stone Arrow
  1906 | D:2      | Noticed Jessica
  1922 | D:2      | Killed Jessica
  1923 | D:2      | Reached skill level 4 in Earth Magic
  1923 | D:2      | Reached XP level 4. HP: 11/33 MP: 0/7
  2435 | D:2      | Noticed Terence
  3515 | D:2      | Noticed Natasha
  3519 | D:2      | Killed Natasha
  3520 | D:2      | Reached skill level 1 in Conjurations
  3520 | D:2      | Reached XP level 5. HP: 38/38 MP: 1/9
  3791 | D:3      | HP: 1/38 [orc priest (4)]
  3792 | D:3      | Killed from afar by an orc priest

Illustrated notes

Levels and vault maps discovered:
D:1:      elethiomel_arrival_quiet, layout_rooms, ebering_ecumenical_altar_webs
D:2:      layout_basic, serial_corexii_hall, corexii_hall_statues_s,
          corexii_hall_statues_t, corexii_hall_statues_i,
          corexii_hall_statues_s, st_stairs_6, lemuel_old_faithful,
          uniq_jessica, uniq_terence, uniq_natasha
D:3:      layout_basic
D:4:      layout_cave_pools

Skill      XL: |  1  2  3  4 |
---------------+-------------+-----
Spellcasting   | 2 |  2.8
Earth Magic    | 4 |  4.3
Conjurations   | 1 |  1.3
Dodging        | |  1.5
Stealth        | |  1.5
Transmutations | |  0.6

Action                   |  1- 3 |  4- 6 || total
-------------------------+-------+-------++-------
Melee: Unarmed           |    28 |       ||    28
       Whip              |    30 |       ||    30
       Short sword       |     2 |    48 ||    50
 Cast: Sandblast         |    27 |    26 ||    53
       Stone Arrow       |       |     2 ||     2
  Use: Potion            |       |     1 ||     1
Armor: Robe              |    19 |    18 ||    37
Dodge: Dodged            |    57 |    35 ||    92
